 Dungeon Crawl Stone Soup version 0.23.2-33-g5129a83184 (webtiles) character file.

Game seed: 6827997295981511336

51 Brecoman the Vexing (level 4, 0/26 HPs)
             Began as a Kobold Arcane Marksman on July 2, 2019.
             Killed by nerve-wracking pain
             ... invoked by a shadow imp
             ... summoned by Natasha
              (5 damage)
             ... on level 2 of the Dungeon.
             The game lasted 00:03:46 (1253 turns).

Brecoman the Vexing (Kobold Arcane Marksman)        Turns: 1253, Time: 00:03:48

Health: 0/26       AC:  2    Str:  7    XL:     4   Next: 7%
Magic:  5/6        EV: 16    Int: 14    God:
Gold:   44         SH:  0    Dex: 16    Spells: 2/6 levels left

rFire    . . .     SeeInvis .   a - +0 hand crossbow
rCold    . . .     Gourm    .   (shield restricted)
rNeg     . . .     Faith    .   e - +0 robe
rPois    .         Spirit   .   (no helmet)
rElec    .         Reflect  .   (no cloak)
rCorr    .         Harm     .   (no gloves)
MR       .....                  (no boots)
Stlth    +.........             (no amulet)
HPRegen  0.08/turn              (no ring)
MPRegen  0.10/turn              (no ring)

@: slowed, very slow
A: small, carnivore
a: no special abilities


You were on level 2 of the Dungeon.
You were not hungry.

You visited 1 branch of the dungeon, and saw 2 of its levels.

You collected 44 gold pieces.

Inventory:

Hand Weapons
 a - a +0 hand crossbow (weapon)
 j - a +0 short sword
Missiles
 d - 8 bolts (quivered)
 i - 42 stones
Armour
 e - a +0 robe (worn)
Jewellery
 o - an uncursed ring of protection from cold {unknown}
Scrolls
 c - a scroll of remove curse {unknown}
 g - a scroll of noise {unknown}
 h - 2 scrolls of identify {unknown}
 l - a scroll of fear {unknown}
 m - a scroll of fog {unknown}
Potions
 b - 3 potions of curing {unknown}
 k - 2 potions of magic {unknown}
Comestibles
 f - 3 rations
 n - 3 chunks of flesh


   Skills:
 - Level 1.6 Fighting
 - Level 2.8 Crossbows
 + Level 3.1 Dodging
 + Level 1.9 Spellcasting
 + Level 3.4 Hexes
 + Level 0.6 Translocations


You had 2 spell levels left.
You knew the following spells:

 Your Spells              Type           Power        Failure   Level  Hunger
a - Corona                Hex            ##.....      6%          1    ##.....
b - Portal Projectile     Hex/Tloc       #.....       32%         3    ####...

Your spell library contained the following spells:

 Spells                   Type           Power        Failure   Level  Hunger
 Slow                     Hex            ##......     9%          2    ###....
 Inner Flame              Hex/Fire       #.......     34%         3    ####...
 Cause Fear               Hex            ##........   52%         4    #####..
 Leda's Liquefaction      Hex/Erth       #.........   75%         4    #####..


Dungeon Overview and Level Annotations

Branches:
Dungeon (2/15)

Altars:

Annotations:
D:2 Natasha


Innate Abilities, Weirdness & Mutations

You are small and have problems with some larger weapons.
You are carnivorous and can eat meat at any time.


Message History

The white imp disappears in a puff of smoke!
Natasha stares at you and mumbles some strange words.
The magic dart hits you.
Firing (i - inventory. (/) - cycle)
d - 10 bolts (quivered)
Press: ? - help, Shift-Dir - straight line, f/p - Natasha
Aim: Natasha (severely wounded, softly glowing)
You shoot a bolt. The bolt hits Natasha.
Natasha is almost dead.
Natasha casts a spell.
Natasha misses you.
Firing (i - inventory. (/) - cycle)
d - 9 bolts (quivered)
Press: ? - help, Shift-Dir - straight line, f/p - Natasha
Aim: Natasha (almost dead, softly glowing)
You shoot a bolt. The bolt completely misses Natasha.
Natasha stares at you and mumbles some strange words.
The magic dart hits you!
* * * LOW HITPOINT WARNING * * *
The shadow imp gestures at you. Pain shoots through your body!
You die...

####..........#.........#
#........#.########.#####
#...##.###.#.## #..# # #.#
#h#..# #.## #)#
#.##.######.### ##.#
#.##.##.......# #..#
#.##..#.......# #### #.##
#.###.#.......# ...# #h#
#.(§h@........#
##.####.####.###.###.#>#######
..............##5#......<....#
##†##.........##.#.#.........#
#(###........##.#.#.........#
..........)...##.#.#..)......#
..(...........##.............#
.##..#........##.............#
h #..##.####.###...###.#######


You could see Natasha and a shadow imp.

Vanquished Creatures
  Natasha (D:2)
  An adder (D:2)
  A dart slug (D:1)
  5 goblins
  2 hobgoblins
  2 kobolds
  2 bats (D:2)
  2 frilled lizards
16 creatures vanquished.

Notes
Turn   | Place    | Note
-------+----------+-------------------------------------------
     0 | D:1      | Brecoman the Kobold Arcane Marksman began the quest for the
                  | Orb.
     0 | D:1      | Reached XP level 1. HP: 12/12 MP: 2/2
   417 | D:1      | Reached XP level 2. HP: 16/16 MP: 3/3
   877 | D:2      | Reached XP level 3. HP: 9/21 MP: 2/5
  1207 | D:2      | Learned a level 3 spell: Portal Projectile
  1207 | D:2      | Noticed Natasha
  1219 | D:2      | Killed Natasha
  1219 | D:2      | Reached XP level 4. HP: 13/26 MP: 4/6
  1222 | D:2      | Noticed Natasha
  1253 | D:2      | Killed from afar by a shadow imp

Skill      XL: |  1  2  3 |
---------------+----------+-----
Dodging        | 3 |  3.1
Fighting       | |  1.6
Crossbows      | |  2.8
Spellcasting   | |  1.9
Hexes          | |  3.4
Translocations | |  0.6

Action                   |  1- 3 |  4- 6 || total
-------------------------+-------+-------++-------
 Fire: Hand crossbow     |    42 |     4 ||    46
 Cast: Corona            |     4 |     1 ||     5
  Eat: Chunk             |     4 |       ||     4
Armor: Robe              |     2 |       ||     2
Dodge: Dodged            |    14 |     1 ||    15
